 Dungeon Sprint DCSS version 0.17-a0-2215-g49c1de0 (webtiles) character file.

2274 kosy22 the Nimble (level 9, 0/97 HPs)
             Began as a Troll Fighter on Oct 27, 2015.
             Was the Champion of Jiyva.
             Slain by a catoblepas (9 damage)
             ... in the Dungeon (Sprint IX: "|||||||||||||||||||||||||||||").
             The game lasted 00:04:40 (698 turns).

kosy22 the Nimble (Troll Fighter)                    Turns: 698, Time: 00:04:40

Health: 0/97       AC:  7    Str: 27    XL:     9   Next: 16%
Magic:  5/8        EV:  1    Int:  8    God:    Jiyva [******]
Gold:   18         SH:  0    Dex: 10    Spells: 0 memorised, 8 levels left

rFire  . . .     SeeInvis .     o - +1 broad axe (chop)
rCold  . . .     Clarity  .     a - +0 robe
rNeg   + + +     SustAt   .     b - +0 shield
rPois  ∞         Gourm    +     (helmet restricted)
rElec  .         Spirit   .     (no cloak)
rCorr  +         Warding  .     (gloves unavailable)
rMut   .         NoTele   +     (boots unavailable)
MR     .....                    (no amulet)
Stlth  +.........               q - +3 ring of intelligence
                                p - +2 ring of protection

@: petrified, not resistant to hostile enchantments, very unstealthy
A: unfitting armour, claws 3, fast metabolism 3, gourmand, high mp 1,
regeneration 2, shaggy fur 1, tough skin 2, wild magic 1, translucent skin 1,
jelly sensing items
a: Request Jelly, Jelly Paralyse, Slimify, Cure Bad Mutation, Renounce Religion


You were in the Dungeon.
You worshipped Jiyva.
Jiyva was exalted by your worship.
You were not hungry.

You visited 1 branch You collected 18 gold pieces.

Inventory:

Hand Weapons
 o - a +1 broad axe of chopping (weapon)
Armour
 a - a +0 robe (worn)
 b - a +0 shield (worn)
Jewellery
 p - a +2 ring of protection (left claw)
 q - a +3 ring of intelligence (right claw)
Wands
 n - a wand of fire (7)
Scrolls
 j - a scroll of blinking
 l - 4 scrolls of remove curse
 m - 2 scrolls of amnesia
 r - a scroll of magic mapping
 s - 2 scrolls of fog
 t - 2 scrolls of enchant armour
 u - a scroll of identify
Potions
 c - a potion of might
 e - 5 potions of curing
 f - 6 potions of heal wounds
 g - a potion of haste
 h - 4 potions of magic
 i - a potion of berserk rage
 k - a potion of invisibility
Comestibles
 d - a bread ration


   Skills:
 + Level 8.9 Fighting
 + Level 5.6 Axes
 + Level 11.0 Dodging
 + Level 8.6 Shields
 + Level 6.3 Unarmed Combat


You had 8 spell levels left.
You didn't know any spells.

Dungeon Overview and Level Annotations

Branches:
Dungeon (1/1)

Altars:
Cheibriados
Dithmenos
Elyvilon
Fedhas
Gozag
Kikubaaqudgha
Makhleb
Nemelex Xobeh
Okawaru
Qazlal
Ru
Sif Muna
Trog
Vehumet
Xom
Yredelemnul
Zin
The Shining One
Beogh
Jiyva
Lugonu


Innate Abilities, Weirdness & Mutations

You are too large for most types of armour.
You have claws for hands.
Your metabolism is lightning-fast.
You like to eat raw meat.
You heal very quickly.
You are covered in fur (AC +1).
You have very tough skin (AC +2).
You have an increased reservoir of magic (+10% MP).
Your spells are a little harder to cast, but a little more powerful.
Your skin is partially translucent (Stealth, -foe acc).
You have a small jelly attached to you that senses nearby items.


Message History

The blast of calcifying dust hits you!
* * * LOW HITPOINT WARNING * * *
You are engulfed in calcifying dust.
The catoblepas gores you.
You are engulfed in calcifying dust.
You feel less slimy. The catoblepas gores you.
* * * LOW HITPOINT WARNING * * *
The catoblepas breathes a plume of calcifying dust at you.
The blast of calcifying dust hits the catoblepas.
The blast of calcifying dust hits you!
You are engulfed in calcifying dust.
The catoblepas gores you!!
* * * LOW HITPOINT WARNING * * *
The catoblepas breathes a plume of calcifying dust at you.
The blast of calcifying dust hits the catoblepas.
The blast of calcifying dust hits you!
* * * LOW HITPOINT WARNING * * *
You are engulfed in calcifying dust.
The catoblepas gores you!
* * * LOW HITPOINT WARNING * * *
You are engulfed in calcifying dust.
The catoblepas gores you!!
You die...

▓▓▓▓▓▓▓▓▓▓▓▓▓▓▓▓▓▓▓▓▓▓▓▓▓▓▓▓▓▓▓▓▓
))........J'_____________________
▓▓▓▓▓▓▓▓▓▓▓▓▓▓▓▓▓▓▓▓▓▓▓▓▓▓▓▓▓▓▓▓▓
.................................
▓▓▓▓▓▓▓▓▓▓▓▓▓▓▓▓▓▓▓▓▓▓▓▓▓▓▓▓▓▓▓▓▓
∆ YYYYYY.YYYYYYY@..'.........'.§.
▓▓▓▓▓▓▓▓▓▓▓▓▓▓▓▓▓▓▓▓▓▓▓▓▓▓▓▓▓▓▓
∆∆∆∆∆ ∆∆∆∆∆∆∆∆∆∆∆∆ ∆∆∆∆∆∆∆∆∆


You could see 3 catoblepae and 4 yaks.

Vanquished Creatures
  A komodo dragon (D)
  A fire drake (D)
  A basilisk (D)
  A deep elf mage (D)
  A hippogriff (D)
  A water moccasin (D)
  A porcupine (D)
  2 giant frogs (D)
  A crimson imp (D)
  An orc wizard (D)
  A worker ant (D)
  A shadow imp (D)
  An adder skeleton (D)
  4 orcs (D)
  A goblin (D)
  A hobgoblin (D)
  A quokka (D)
  2 giant newts (D)
  A kobold (D)
  A rat (D)
25 creatures vanquished.

Vanquished Creatures (collateral kills)
  A death yak (D)
  An unseen horror (D)
  An ugly thing (D)
  A troll (D)
  An adder zombie (D)
5 creatures vanquished.

Vanquished Creatures (others)
  A black mamba (D)
  2 blink frogs (D)
  A hippogriff (D)
  A water moccasin (D)
  An orc warrior (D)
  A jelly (D)
  A sheep (D)
  A river rat (D)
  An ooze (D)
10 creatures vanquished.

Grand Total: 40 creatures vanquished

Notes
Turn   | Place    | Note
--------------------------------------------------------------
     0 | D        | kosy22 the Troll Fighter began the quest for the Orb.
     0 | D        | Reached XP level 1. HP: 22/22 MP: 0/0
    20 | D        | Noticed an orc wizard
    24 | D        | Killed an orc wizard
    24 | D        | Reached skill level 3 in Fighting
    24 | D        | Reached XP level 2. HP: 10/31 MP: 1/1
    24 | D        | Reached XP level 3. HP: 11/37 MP: 2/2
    70 | D        | Found a glowing silver altar of Zin.
    70 | D        | Found a glowing golden altar of the Shining One.
    70 | D        | Found an ancient bone altar of Kikubaaqudgha.
    70 | D        | Found a basalt altar of Yredelemnul.
    70 | D        | Found a shimmering altar of Xom.
    70 | D        | Found a radiant altar of Vehumet.
    71 | D        | Found an iron altar of Okawaru.
    72 | D        | Found a burning altar of Makhleb.
    73 | D        | Found a deep blue altar of Sif Muna.
    74 | D        | Found a bloodstained altar of Trog.
    75 | D        | Found a sparkling altar of Nemelex Xobeh.
    76 | D        | Found a white marble altar of Elyvilon.
    77 | D        | Found a roughly hewn altar of Beogh.
    78 | D        | Found a viscous altar of Jiyva.
    79 | D        | Found a corrupted altar of Lugonu.
    80 | D        | Found a blossoming altar of Fedhas.
    81 | D        | Found a snail-covered altar of Cheibriados.
    82 | D        | Found a shadowy altar of Dithmenos.
    83 | D        | Found a stormy altar of Qazlal.
    84 | D        | Found an opulent altar of Gozag.
    85 | D        | Found a sacrificial altar of Ru.
    92 | D        | Became a worshipper of Jiyva Jieqaime the Shapeless
   112 | D        | Reached * piety under Jiyva
   115 | D        | Reached ** piety under Jiyva
   117 | D        | Reached *** piety under Jiyva
   123 | D        | Reached **** piety under Jiyva
   123 | D        | Gained mutation: You are partially covered in thin metallic scales (AC +2). [Jiyva's grace]
   124 | D        | Reached ***** piety under Jiyva
   124 | D        | Gained mutation: Armour fits poorly on your pseudopods. [Jiyva's grace]
   124 | D        | Gained mutation: You have large cloven feet. [Jiyva's grace]
   128 | D        | Noticed a deep elf mage
   128 | D        | Noticed a worker ant
   128 | D        | Noticed a crimson imp
   130 | D        | Reached skill level 4 in Dodging
   135 | D        | Killed a crimson imp
   135 | D        | Reached XP level 4. HP: 44/48 MP: 3/3
   136 | D        | Killed a worker ant
   141 | D        | Killed a deep elf mage
   141 | D        | Reached skill level 5 in Fighting
   141 | D        | Reached skill level 1 in Axes
   141 | D        | Reached skill level 6 in Dodging
   141 | D        | Reached skill level 5 in Shields
   141 | D        | Reached XP level 5. HP: 29/58 MP: 4/4
   158 | D        | Gained mutation: You have a small jelly attached to you that senses nearby items. [Jiyva's grace]
   159 | D        | Reached ****** piety under Jiyva
   161 | D        | Gained mutation: You can spit weak poison. [Jiyva's grace]
   165 | D        | Gained mutation: You evolve. [Jiyva's grace]
   184 | D        | Noticed a white ugly thing
   184 | D        | Noticed a troll
   184 | D        | Noticed an orc warrior
   192 | D        | Killed an orc warrior
   192 | D        | Reached XP level 6. HP: 17/67 MP: 5/5
   193 | D        | Killed an unseen horror
   193 | D        | Reached skill level 7 in Dodging
   193 | D        | Reached skill level 5 in Unarmed Combat
   198 | D        | Killed a troll
   198 | D        | Reached skill level 8 in Dodging
   198 | D        | Reached XP level 7. HP: 21/78 MP: 6/6
   201 | D        | Killed a white ugly thing
   315 | D        | Lost mutation: You can spit weak poison. [Jiyva's grace]
   315 | D        | Gained mutation: You regenerate. [Jiyva's grace]
   315 | D        | Lost mutation: You evolve. [Jiyva's grace]
   322 | D        | Lost mutation: You are partially covered in thin metallic scales (AC +2). [Jiyva's grace]
   322 | D        | Lost mutation: You have large cloven feet. [Jiyva's grace]
   322 | D        | Gained mutation: You are partially covered in iridescent scales (AC +4). [Jiyva's grace]
   407 | D        | Noticed a porcupine
   407 | D        | Noticed a giant frog
   407 | D        | Noticed a fire drake
   407 | D        | Noticed a water moccasin
   407 | D        | Noticed a hippogriff
   407 | D        | Noticed a porcupine
   408 | D        | Killed a porcupine
   408 | D        | Reached skill level 9 in Dodging
   410 | D        | Noticed an elephant
   410 | D        | Killed a hippogriff
   410 | D        | Reached XP level 8. HP: 70/88 MP: 7/7
   411 | D        | Noticed a blink frog
   415 | D        | Noticed a basilisk
   422 | D        | Killed a water moccasin
   430 | D        | Killed a fire drake
   435 | D        | Killed a giant frog
   435 | D        | Reached skill level 10 in Dodging
   437 | D        | Slimified a porcupine
   437 | D        | a porcupine changed into an ooze
   437 | D        | Lost mutation: Armour fits poorly on your pseudopods. [Jiyva's grace]
   437 | D        | Gained mutation: Your skin is partially translucent (Stealth, -foe acc). [Jiyva's grace]
   468 | D        | Killed a basilisk
   470 | D        | Slimified an elephant
   470 | D        | Noticed a slime creature
   470 | D        | an elephant changed into a slime creature
   477 | D        | Killed a blink frog
   512 | D        | Noticed a water moccasin
   512 | D        | Noticed a hippogriff
   512 | D        | Noticed a komodo dragon
   512 | D        | Noticed a giant frog
   517 | D        | Noticed a five-headed hydra
   519 | D        | Killed a giant frog
   525 | D        | Killed a komodo dragon
   525 | D        | Reached skill level 5 in Axes
   527 | D        | Slimified a five-headed hydra
   527 | D        | Noticed an acid blob
   527 | D        | a five-headed hydra changed into an acid blob
   527 | D        | Lost mutation: You regenerate. [Jiyva's grace]
   529 | D        | Killed a hippogriff
   533 | D        | Killed a water moccasin
   534 | D        | Noticed a black mamba
   536 | D        | Lost mutation: You are partially covered in iridescent scales (AC +4). [Jiyva's grace]
   537 | D        | Noticed a blink frog
   537 | D        | Killed a black mamba
   539 | D        | Gained mutation: Your spells are a little harder to cast, but a little more powerful. [Jiyva's grace]
   544 | D        | Killed a blink frog
   655 | D        | Noticed a catoblepas
   655 | D        | Noticed a yak
   655 | D        | Noticed a catoblepas
   655 | D        | Noticed a catoblepas
   655 | D        | Noticed a death yak
   655 | D        | Noticed a yak
   656 | D        | Noticed a yak
   671 | D        | Killed a death yak
   671 | D        | Reached skill level 11 in Dodging
   671 | D        | Reached XP level 9. HP: 63/97 MP: 8/8
   683 | D        | Noticed a yak
   684 | D        | Gained mutation: You have an increased reservoir of magic (+10% MP). [Jiyva's grace]
   698 | D        | Slain by a catoblepas

Vault maps used:
D:        linesprint

Action                   |  1- 3 |  4- 6 |  7- 9 || total
-------------------------+-------+-------+-------++-------
Melee: Unarmed           |    19 |       |       ||    19
       Broad axe         |     7 |    15 |    52 ||    74
Invok: Slimify           |       |       |     4 ||     4
  Use: Potion            |       |       |     4 ||     4
       Scroll            |       |       |     1 ||     1
  Eat: Bread ration      |       |       |     1 ||     1
